 Dungeon Crawl Stone Soup version 0.20-a0-1111-g4e342e6 (webtiles) character file.

420 M4edhros the Covert (level 6, -7/38 HPs)
             Began as an Octopode Artificer on May 6, 2017.
             Was an Initiate of Gozag.
             Killed by divine providence
             ... invoked by an orc priest
              (16 damage)
             ... on level 3 of the Dungeon.
             The game lasted 00:05:12 (2943 turns).

M4edhros the Covert (Octopode Artificer)            Turns: 2943, Time: 00:05:13

Health: -7/38      AC:  1    Str: 11    XL:     6   Next: 94%
Magic:  8/8        EV: 13    Int: 14    God:    Gozag
Gold:   425        SH:  4    Dex: 14    Spells: 5/5 levels left

rFire    + . .     SeeInvis .   E - +2 dagger (venom)
rCold    . . .     Gourm    .   s - +0 buckler
rNeg     . . .     Faith    .   (helmet restricted)
rPois    .         Spirit   .   (no amulet)
rElec    .         Reflect  .   g - ring of protection from fire
rCorr    .         Harm     .   (no ring)
MR       .....                  (no ring)
Stlth    +++++.....             (no ring)
Regen    0.2/turn               (no ring)
MPRegen  0.2/turn               (no ring)
                                (no ring)
                                (no ring)

@: about to teleport, gold aura, flying
A: almost no armour, stealthy swim, amphibious, 8 rings, constrict 8, camouflage
1, gelatinous body 1
a: Potion Petition, Call Merchant, Bribe Branch, Renounce Religion


You were on level 3 of the Dungeon.
You worshipped Gozag.
Gozag was aware of your devotion.
You were near starving.

You visited 2 branches of the dungeon, and saw 5 of its levels.
You also visited: Sewer.

You collected 483 gold pieces.
You paid 58 gold pieces to Gozag.

Inventory:

Hand Weapons
 a - a +0 short sword
 l - a +0 blowgun
 u - a +0 long sword of venom
 y - a +2 short sword of venom
 E - a +2 dagger of venom (weapon)
Missiles
 e - 17 poisoned needles
 F - 8 needles of sleeping
Armour
 s - a +0 buckler (worn)
Jewellery
 g - a ring of protection from fire (left tentacle)
Wands
 b - a wand of flame (10/48)
 c - a wand of enslavement (14/24)
 d - a wand of random effects (13/48)
Scrolls
 i - 5 scrolls of identify
 j - a scroll of teleportation
 v - a scroll of fog {unknown}
 x - a scroll of immolation {unknown}
 B - a scroll of remove curse {unknown}
 C - a scroll of enchant weapon {unknown}
 D - a scroll of magic mapping
Potions
 h - a potion of mutation {unknown}
 k - a potion of berserk rage {unknown}
 n - a potion of lignification {unknown}
 o - 2 potions of degeneration {unknown}
 p - 4 potions of flight
 q - 2 potions of heal wounds {unknown}
 r - a potion of cancellation {unknown}
 t - 2 potions of might {unknown}
 w - a potion of agility {unknown}
Comestibles
 f - 2 bread rations
 m - 2 fruits
 z - a royal jelly
 A - a meat ration


   Skills:
 + Level 1.5 Fighting
 - Level 1.0 Short Blades
 + Level 2.2 Dodging
 + Level 9.4 Stealth
 + Level 0.8 Shields
 - Level 3.2 Evocations


You had 5 spell levels left.
You didn't know any spells.

Dungeon Overview and Level Annotations

Branches:
Dungeon (4/15)             Temple (1/1) D:4

Altars:
Cheibriados
Dithmenos
Elyvilon
Fedhas
Gozag
Makhleb
Nemelex Xobeh
Qazlal
Sif Muna
Trog
Uskayaw
Xom
Yredelemnul
Zin
The Shining One


Innate Abilities, Weirdness & Mutations

You cannot wear most types of armour.
You are very stealthy in the water. (Stealth+)
You are amphibious.
You can wear up to eight rings at the same time.
You can use your tentacles to constrict eight enemies at once.
Your skin changes colour to match your surroundings (Stealth+).
Your rubbery body absorbs attacks. (AC +1, EV +1)


Message History

The orc hits you with a hand axe. The orc hits you with a flail!
* * * LOW HITPOINT WARNING * * *
An orc priest comes into view. It is wielding a falchion.
You barely miss the orc.
The orc priest shouts!
You grab the orc. You constrict the orc.
The orc priest calls upon Beogh to heal the orc.
The orc's wounds heal themselves!
The orc misses you.
Okay, then.
You release your grip on the orc.
Okay, then.
It was a potion of flight.
You feel very buoyant.
You fly up into the air.
The orc misses you. The orc barely misses you.
As you read the scroll of teleportation, it crumbles to dust.
You feel strangely unstable. You block the orc's attack.
The orc priest mumbles some strange prayers to Beogh against you.
Beogh smites you!
You die...
Your body crumbles into a pile of gold.

#$........#..###
#.........[.##
#...o.$...###
#.........######.#
#............>##.#
#.................
#..o....#.....##..
#.................
#@o......#....##..
#.......##....##..
####..........##..
#......######..
#......# ##.
#......# ##
#......# #
########


You could see an orc priest and 2 orcs.

Vanquished Creatures
  Grinder (D:4)
  A big kobold (Sewer)
  Jessica (D:2)
  A hound skeleton (D:4)
  Robin (D:2)
  An adder (D:3)
  2 river rats
  An adder skeleton (D:4)
  A worm (D:4)
  4 dart slugs
  2 leopard geckos (D:3)
  2 orcs (D:3)
  8 bats
  3 giant cockroaches
  16 goblins
  10 hobgoblins
  5 jackals
  6 kobolds
  A quokka (D:4)
  A frilled lizard (D:1)
  9 rats
77 creatures vanquished.

Vanquished Creatures (collateral kills)
  A ball python (D:3)
1 creature vanquished.

Vanquished Creatures (others)
  An adder (D:3)
1 creature vanquished.

Grand Total: 79 creatures vanquished

Notes
Turn   | Place    | Note
-------+----------+-------------------------------------------
     0 | D:1      | M4edhros the Octopode Artificer began the quest for the Orb.
     0 | D:1      | Reached XP level 1. HP: 13/13 MP: 3/3
     4 | D:1      | Reached skill level 2 in Stealth
   194 | D:1      | Reached skill level 3 in Stealth
   194 | D:1      | Reached XP level 2. HP: 10/18 MP: 4/4
   272 | D:2      | Noticed Robin
   445 | D:2      | Noticed Jessica
   454 | D:2      | Killed Jessica
   454 | D:2      | Reached skill level 4 in Stealth
   454 | D:2      | Reached XP level 3. HP: 15/23 MP: 5/5
   456 | D:2      | Reached skill level 5 in Stealth
   593 | D:4      | Reached XP level 4. HP: 28/28 MP: 6/6
   610 | D:4      | Noticed Grinder
   641 | D:4      | Found a staircase to the Ecumenical Temple.
   656 | Temple   | Entered the Ecumenical Temple
   846 | Temple   | Became a worshipper of Gozag Ym Sagoz the Greedy
   919 | D:4      | Killed Grinder
   919 | D:4      | Reached skill level 8 in Stealth
   919 | D:4      | Reached XP level 5. HP: 6/33 MP: 7/7
   919 | D:4      | Reached XP level 6. HP: 7/38 MP: 8/8
   982 | D:3      | Found a glowing drain.
  1020 | Sewer    | Entered a sewer
  1349 | Sewer    | Reached skill level 9 in Stealth
  1389 | Sewer    | Found a white marble altar of Elyvilon.
  1904 | D:2      | Killed Robin
  2943 | D:3      | Killed from afar by an orc priest

Vault maps used:
D:1:      dpeg_arrival_erosion
D:2:      uniq_jessica, uniq_robin
D:3:      portal_sewer_entry_c, serial_glass, glass_columns_c, glass_columns_b
D:4:      minitemple, temple_hall, first_bread, uniq_grinder
Temple:   regret_index_temple_generic_petals
Sewer:    sewer_kobolds

Skill      XL: |  1  2  3  4  5  6 |
---------------+-------------------+-----
Stealth        | 3 4 5 8 9 |  9.4
Fighting       | |  1.5
Short Blades   | |  1.0
Dodging        | |  2.2
Shields        | |  0.8
Evocations     | |  3.2

Action                   |  1- 3 |  4- 6 || total
-------------------------+-------+-------++-------
Melee: Short sword       |    48 |    72 ||   120
       Constrict         |    18 |    34 ||    52
       Tentacles         |    11 |    17 ||    28
       Long sword        |       |    14 ||    14
       Dagger            |       |     6 ||     6
Evoke: Wand              |       |     8 ||     8
  Use: Scroll            |       |     4 ||     4
       Potion            |       |     2 ||     2
 Stab: Sleeping          |     4 |    14 ||    18
  Eat: Bread ration      |       |     1 ||     1
Armor: Skin              |    10 |     7 ||    17
Dodge: Dodged            |    37 |    49 ||    86
Block: Buckler           |       |     8 ||     8
       Rpst.: Long sword |       |     2 ||     2
